Map: Ruins of Endion

Players

capac - Winner!

  • Race: Terran Terran
  • League: Gold

A.I. 1 (Elite)

  • Race: Zerg Zerg

VOD

Have the link to the VOD?

Description

Time

  • Played on: April 16, 2016, 2:03 p.m.
  • Length: 11:10
Show
View Real Time Build Order
Export as new Build Order

capac Terran - Winner!

Build Orders: Reaper Expand, MMM Bio 

Get SALT Encoding   

  12  0:01  SCV  
  13  0:13  SCV  
  14  0:18  Supply Depot  
  14  0:25  SCV  
  15  0:40  SCV  
  15  0:41  Barracks  
  16  0:45  Refinery  
  16  0:54  SCV  
  17  1:06  SCV  
  18  1:18  SCV  
  19  1:30  Reaper  
  19  1:31  Orbital Command  
  20  1:44  Command Center  
  20  1:53  Supply Depot  
  20  1:58  SCV  
  21  2:02  Marine  
  22  2:09  Factory  
  22  2:14  SCV  
  23  2:21  Barracks  
  23  2:42  SCV  
  24  2:50  Barracks Reactor  
  24  2:54  SCV  
  24  2:56  Factory Tech Lab  
  25  2:58  Refinery  
  25  3:00  Orbital Command  
  25  3:05  Bunker  
  25  3:06  SCV  
  26  3:13  Barracks Reactor  
  26  3:14  Barracks Tech Lab  
  26  3:22  Barracks  
  26  3:28  SCV  
  27  3:35  Stimpack  
  27  3:37  SCV  
  28  3:47  Starport, SCV  
  29  3:49  SCV  
  30  3:59  SCV  
  30  4:01  Marine, SCV  
  30  4:02  Marine x2  
  35  4:04  Command Center  
  35  4:07  Siege Tank  
  38  4:11  SCV  
  38  4:13  SCV  
  40  4:21  Marine x2, Barracks Reactor  
  40  4:22  Refinery  
  40  4:23  SCV  
  40  4:24  Marine  
  44  4:25  SCV  
  44  4:29  Supply Depot  
  45  4:36  SCV  
  45  4:37  SCV  
  47  4:39  Marine  
  47  4:40  Marine  
  47  4:41  Marine  
  50  4:46  Medivac  
  50  4:48  SCV  
  50  4:49  SCV  
  54  4:54  Refinery  
  54  5:00  Supply Depot, SCV  
  54  5:01  SCV  
  54  5:05  Siege Tank  
  59  5:12  SCV  
  59  5:13  SCV  
  61  5:14  Marine  
  61  5:15  Marine  
  61  5:19  Marine x2  
  65  5:22  Supply Depot  
  65  5:24  SCV  
  65  5:26  SCV  
  67  5:36  SCV  
  67  5:38  SCV  
  67  5:42  Marine x5  
  74  5:46  Starport Reactor  
  74  5:47  Siege Tank  
  74  5:48  SCV  
  78  5:50  SCV  
  79  6:00  SCV  
  79  6:02  SCV  
  81  6:08  Marine x4  
  81  6:09  Marine  
  81  6:11  Combat Shields  
  86  6:12  SCV  
  86  6:14  SCV  
  86  6:17  Barracks  
  88  6:24  Medivac x2  
  88  6:25  SCV  
  93  6:43  Supply Depot  
  93  6:49  Supply Depot  
  93  6:53  Orbital Command  
  93  7:04  Marine x4, Siege Tank, SCV  
  101  7:13  Barracks Reactor  
  101  7:17  Barracks  
  101  7:21  SCV x2  
  103  7:24  SCV  
  104  7:33  Starport, Barracks, SCV  
  104  7:34  Barracks  
  104  7:36  Medivac x2  
  109  7:54  Refinery  
  109  7:57  Refinery  
  109  8:19  Marine  
  109  8:25  Marine  
  109  8:36  Marine  
  109  8:54  Supply Depot  
  109  8:55  Marine x8, Siege Tank, Medivac x2  
  118  9:13  Marine x8  
  121  9:25  Medivac x2  
  121  9:27  Siege Tank  
  121  9:31  Marine x5  
  130  9:33  Marine  
  130  9:48  Marine x3  
  130  9:52  Marine  
  131  9:55  Medivac x2  
  117  10:09  Reaper, Marine x4  
  117  10:10  Marine x3  
  124  10:25  Medivac  
  124  10:27  Marine x3  
  129  10:36  Marine x3  
  129  10:37  Marine  
  129  10:41  Marine  
  134  10:42  Barracks Reactor  
  134  10:43  Barracks Reactor  
  134  10:45  Marine x3  
  137  11:01  Supply Depot  
  137  11:02  Supply Depot  
Show
View Real Time Build Order
Export as new Build Order

A.I. 1 (Elite) Zerg 

Build Orders: Pool First 

Get SALT Encoding   

  12  0:00  Drone  
  13  0:12  Overlord  
  13  0:17  Drone  
  14  0:30  Drone x2  
  16  0:43  Spawning Pool  
  16  0:44  Drone  
  16  0:49  Drone  
  17  1:12  Hatchery  
  17  1:13  Drone  
  17  1:16  Extractor  
  16  1:18  Drone  
  16  1:22  Drone  
  18  1:28  Drone  
  19  1:38  Overlord  
  19  1:49  Queen, Drone  
  22  2:00  Zergling x2  
  23  2:10  Drone  
  24  2:21  Drone  
  25  2:25  Queen, Roach Warren  
  25  2:27  Extractor  
  26  2:30  Drone  
  26  2:36  Drone  
  27  2:39  Drone  
  27  2:43  Drone  
  28  2:46  Drone  
  29  2:53  Drone  
  29  2:56  Zergling x2  
  32  2:58  Zergling x2  
  32  3:04  Overlord  
  32  3:07  Drone  
  32  3:10  Drone  
  34  3:15  Roach  
  36  3:22  Roach  
  36  3:23  Roach  
  40  3:28  Roach  
  42  3:34  Lair  
  42  3:39  Overlord  
  42  3:44  Overlord  
  42  3:47  Zergling x2  
  43  3:50  Zergling x2  
  44  3:57  Zergling x2, Drone x2  
  44  3:59  Drone  
  44  4:02  Drone  
  49  4:05  Drone  
  49  4:09  Overlord  
  50  4:13  Roach  
  50  4:16  Roach  
  54  4:20  Roach  
  54  4:23  Roach  
  58  4:27  Overlord  
  58  4:34  Drone, Hydralisk Den  
  58  4:36  Drone  
  58  4:38  Drone  
  60  4:41  Roach  
  60  4:44  Roach  
  64  4:48  Overlord  
  64  5:02  Drone  
  64  5:03  Hydralisk x3  
  64  5:04  Drone  
  64  5:06  Drone  
  73  5:08  Drone  
  73  5:10  Drone  
  73  5:13  Overlord  
  75  5:15  Drone  
  75  5:17  Drone  
  75  5:19  Drone  
  75  5:21  Drone  
  79  5:23  Drone  
  79  5:28  Drone  
  81  5:34  Drone  
  81  5:35  Infestation Pit  
  81  5:37  Overlord  
  81  5:39  Drone  
  81  5:40  Drone  
  83  5:49  Metabolic Boost  
  83  5:52  Evolution Chamber  
  83  5:53  Drone  
  83  6:01  Hatchery  
  82  6:04  Evolution Chamber  
  82  6:06  Drone  
  82  6:12  Infestor  
  82  6:15  Evolution Chamber, Drone  
  82  6:16  Extractor  
  82  6:17  Drone  
  84  6:19  Zerg Melee Weapons Level 1  
  84  6:24  Extractor  
  83  6:27  Infestor  
  83  6:29  Zerg Missile Weapons Level 1  
  85  6:38  Drone x2  
  85  6:39  Drone  
  88  6:46  Overlord, Drone x3  
  91  6:51  Zerg Ground Armor Level 1  
  91  6:57  Ravager  
  91  7:00  Roach  
  91  7:01  Spine Crawler  
  93  7:02  Drone  
  93  7:06  Spine Crawler  
  93  7:07  Ravager, Drone  
  95  7:12  Overseer  
  95  7:13  Roach, Drone  
  95  7:14  Overlord, Drone x4  
  95  7:15  Drone x4  
  105  7:16  Drone x2  
  105  7:19  Drone  
  105  7:20  Drone  
  109  7:24  Drone  
  109  7:25  Extractor  
  109  7:26  Baneling Nest, Drone x2  
  110  7:34  Overlord  
  110  7:37  Drone x2  
  110  7:42  Hydralisk, Drone x2  
  116  7:45  Drone  
  116  7:46  Infestor, Roach  
  121  7:52  Overlord, Drone  
  121  7:53  Drone  
  121  7:56  Drone  
  123  8:00  Drone x2  
  120  8:07  Drone  
  120  8:08  Extractor  
  120  8:09  Pathogen Glands  
  120  8:10  Baneling x2, Drone  
  120  8:11  Zergling x2, Baneling x3  
  119  8:14  Overlord, Drone, Zergling x2  
  119  8:17  Zergling x2  
  119  8:18  Zergling x6  
  113  8:22  Roach  
  113  8:23  Roach  
  90  8:28  Hydralisk  
  90  8:32  Hydralisk  
  90  8:33  Zergling x2  
  91  8:39  Drone  
  91  8:40  Spore Crawler  
  80  8:43  Infestor  
  80  8:44  Zergling x2  
  80  8:45  Drone  
  80  8:46  Ravager, Zergling x4  
  81  8:49  Drone  
  81  8:50  Zergling x4, Drone  
  81  8:55  Drone  
  81  8:56  Roach  
  77  9:05  Hydralisk  
  77  9:06  Roach  
  71  9:16  Hydralisk  
  64  9:17  Zergling x4, Infestor, Drone  
  64  9:21  Roach, Drone  
  64  9:22  Roach  
  68  9:28  Roach  
  68  9:29  Roach  
  49  9:39  Hatchery, Zergling x2  
  41  10:07  Zergling x4  
  41  10:09  Roach  
  41  10:11  Hatchery  
  34  10:34  Roach  
Tags
 
Add a new tag
Caveats
  • Supply blocks, unpowered buildings, or Contaminate may cause inaccurate times.
  • Supply counts are checked every 10 seconds.